 Dungeon Crawl Stone Soup version 0.28.0 (webtiles) character file.

Game seed: 6608110783534028158

2560 AmazingTV the Covert (level 9, 0/46 HPs)
             Began as a Spriggan Brigand on June 30, 2022.
             Was an Initiate of Trog.
             Slain by a kobold brigand (20 damage)
             ... on level 8 of the Dungeon.
             The game lasted 00:31:51 (11071 turns).

AmazingTV the Covert (Spriggan Brigand)            Turns: 11071, Time: 00:31:51

Health: 0/46       AC:  8    Str: 11    XL:     9   Next: 31%
Magic:  10/10      EV: 18    Int: 21    God:    Trog [......]
Gold:   410        SH:  0    Dex: 19    Spells: 8/8 levels left

rFire   . . .      SeeInvis +   a - +2 dagger {short}
rCold   . . .      Faith    .   (no shield)
rNeg    . . .      Spirit   .   K - +0 steam dragon scales
rPois   .          Reflect  .   S - +2 hat {Int+3}
rElec   .          Harm     .   L - +0 cloak
rCorr   .          Rampage  .   (gloves unavailable)
Will    +....                   (boots unavailable)
Stlth   +++++.....              m - amulet of the acrobat
HPRegen 0.00/turn               r - +6 ring of intelligence
MPRegen 0.12/turn               G - +4 ring of slaying

@: attractive, inhibited regen, slowed, quick
A: very small, no large weapons, unfitting armour, see invisible, speed 3,
inhibited regeneration, strong 1, wild magic 1, sturdy frame 1
a: Renounce Religion


You were on level 8 of the Dungeon.
You worshipped Trog.
Trog was noncommittal.
You visited 2 branches of the dungeon, and saw 9 of its levels.

You collected 410 gold pieces.


Innate Abilities, Weirdness & Mutations

You are very small and have problems with some larger weapons.
You are too small for most types of armour.
You have supernaturally acute eyesight. (SInv)
You cover ground extremely quickly. (Speed+++)
You do not regenerate when monsters are visible.
Your muscles are strong. (Str +2)
Your spells are a little harder to cast, but a little more powerful.
Your movements are slightly less encumbered by armour. (ER -2)


   Skills:
 + Level 4.9 Fighting
 + Level 6.4 Short Blades
 * Level 9.2(9.4) Slings
 - Level 2.5(5.5) Throwing
 - Level 2.7 Dodging
 + Level 10.5 Stealth


You had 8 spell levels left.
You didn't know any spells.
Your spell library contained the following spells:

 Spells                   Type           Power      Damage    Failure   Level
 Pain                     Necr           0%         1d4       26%         1
 Slow                     Hex            0%         N/A       26%         1
 Conjure Flame            Conj/Fire      0%         6-21      56%         3
 Ignite Poison            Fire/Tmut/Pois 0%         N/A       56%         3
 Portal Projectile        Hex/Tloc       0%         N/A       56%         3
 Summon Guardian Golem    Hex/Summ       0%         N/A       56%         3
 Sticky Flame             Conj/Fire      0%         2d3       91%         4
 Agony                    Necr           0%         N/A       99%         5
 Blade Hands              Tmut           0%         N/A       99%         5
 Excruciating Wounds      Necr           0%         N/A       99%         5
 Orb of Destruction       Conj           0%         9d5       100%        7
 Spellforged Servitor     Conj/Summ      0%         N/A       100%        7

Inventory:

Hand Weapons
 a - a +2 dagger (weapon) {short}
 b - a +3 hunting sling {sling}
   (You found it on level 3 of the Dungeon)
 c - a +4 falchion of venom {long}
   (You took it off Eustachio on level 6 of the Dungeon)
 p - a +1 hand axe of freezing {axe}
   (You took it off a wight on level 6 of the Dungeon)
 C - a +0 vampiric short sword {short}
   (You found it on level 5 of the Dungeon)
 I - a +1 hunting sling of flaming {sling}
   (You found it on level 6 of the Dungeon)
 N - a +0 vorpal hand axe {axe}
   (You took it off an orc on level 7 of the Dungeon)
Missiles
 e - 8 curare-tipped darts {=f}
 g - 124 stones
 h - 147 arrows
 l - 117 bolts
 y - 3 boomerangs
 B - 39 sling bullets
 F - 13 poisoned darts (quivered)
Armour
 K - +0 steam dragon scales (worn)
   (You found it on level 6 of the Dungeon)
 L - a +0 cloak (worn)
 Q - the +1 robe of Resourcefulness {Fly rElec Archmagi}
   (You found it on level 6 of the Dungeon)

   rElec:     It insulates you from electricity.
   Fly:       It grants you flight.
   Archmagi:  It increases the power of your magical spells.
 S - a +2 hat of intelligence (worn)
   (You found it on level 7 of the Dungeon)
Jewellery
 d - a ring of protection from cold
   (You found it on level 6 of the Dungeon)
 k - a ring of magical power
   (You found it on level 2 of the Dungeon)
 m - an amulet of the acrobat (around neck)
   (You found it on level 6 of the Dungeon)
 r - a +6 ring of intelligence (left hand)
   (You found it on level 4 of the Dungeon)
 G - a +4 ring of slaying (right hand)
   (You found it on level 5 of the Dungeon)
 T - an amulet of magic regeneration
   (You found it on level 7 of the Dungeon)
Wands
 v - a wand of flame (7)
   (You found it on level 4 of the Dungeon)
 D - a wand of iceblast (30)
   (You found it on level 5 of the Dungeon)
 E - a wand of acid (12)
   (You found it on level 5 of the Dungeon)
 M - a wand of polymorph (4)
   (You took it off Eustachio on level 6 of the Dungeon)
 V - a wand of mindburst (15)
   (You found it on level 8 of the Dungeon)
Scrolls
 f - 3 scrolls of teleportation {unknown}
 i - 2 scrolls of blinking {unknown}
 j - 5 scrolls of identify {@r1}
 n - a scroll of amnesia {unknown}
 o - a scroll of immolation {unknown}
 q - a scroll of brand weapon {unknown}
 t - 4 scrolls of noise {unknown}
 w - a scroll of acquirement {unknown}
 z - a scroll of enchant armour {unknown}
 A - a scroll of holy word {unknown}
 J - a scroll of fear {unknown}
Potions
 u - a potion of invisibility {unknown}
 H - a potion of curing {@q1}
 O - a potion of heal wounds {unknown}
 P - a potion of might {unknown}
 R - 2 potions of flight {unknown}
 U - 2 potions of resistance {unknown}

Dungeon Overview and Level Annotations

Branches:
Dungeon (8/15)             Temple (1/1) D:6
   Lair: D:8-11

Altars:
Ashenzari
Cheibriados
Dithmenos
Elyvilon
Fedhas
Gozag
Kikubaaqudgha
Makhleb
Nemelex Xobeh
Okawaru
Qazlal
Ru
Sif Muna
Trog
Uskayaw
Vehumet
Wu Jian
Xom
Yredelemnul
Zin
The Shining One

##.## #...## #..#..######.
#.[.###........ ##
###..#..######. ..
##.....# #g #### #####.#
.. ..# ##.## #. #.#
###@..####.
#.####.#######KK.#.......
..?((((((.KยงKK.#...####.#
#.##....(.#######.##
......K.......?...#
.#####.##.######### #
#.##.# ..##.# #####.#


You could see a kobold brigand and 3 kobolds.


Message History

The curare-tipped dart hits you.
You are poisoned.
You have difficulty breathing.
You feel yourself slow down. ๐Ÿ˜• HP[-9]
You take 9 damage, and now have 37/46 hp.
You feel very sick. ๐Ÿ˜ฎ HP[-4]
You take 4 damage, and now have 33/46 hp.
You feel very sick. ๐Ÿ˜ฎ HP[-3]
You take 3 damage, and now have 30/46 hp.
You are too injured to fight recklessly!
You feel very sick.
Things that are here:
a +0 whip {mace}; a +0 leather armour; ๐Ÿ˜ฎ HP[-3]
You take 3 damage, and now have 27/46 hp.
You are too injured to fight recklessly!
Fire: 128 stones
Press: ? - help, Q - select action, (/) - cycle Shift-Dir - straight line, f/p - kobold brigand
Aim: a kobold brigand, wielding a +2 whip of electrocution and quivering curare-tipped darts (moderately wounded, 68% to hit)
Marked for pickup.
You shoot a stone.
The stone hits the kobold brigand but does no damage.
You feel very sick. ๐Ÿ˜ฎ HP[-3]
You take 3 damage, and now have 24/46 hp.
Fire: 127 stones
Press: ? - help, Q - select action, (/) - cycle Shift-Dir - straight line, f/p - kobold brigand
Aim: a kobold brigand, wielding a +2 whip of electrocution and quivering curare-tipped darts (moderately wounded, 68% to hit)
You shoot a stone. The stone hits the kobold brigand.
You feel sick.
The kobold brigand throws a curare-tipped dart.
The curare-tipped dart barely misses you. ๐Ÿ˜จ HP[-2]
You take 2 damage, and now have 22/46 hp.
Fire: 126 stones
Press: ? - help, Q - select action, (/) - cycle Shift-Dir - straight line, f/p - kobold brigand
Aim: a kobold brigand, wielding a +2 whip of electrocution and quivering curare-tipped darts (heavily wounded, 68% to hit)
You shoot a stone.
The stone closely misses the kobold brigand.
You feel sick.
The kobold brigand throws a curare-tipped dart.
The curare-tipped dart misses you.
A kobold comes into view.
It is wielding a +0 dagger. x2 ๐Ÿ˜จ HP[-1]
You take 1 damage, and now have 21/46 hp.
Fire: 125 stones
Press: ? - help, Q - select action, (/) - cycle Shift-Dir - straight line, f/p - kobold brigand
Aim: a kobold brigand, wielding a +2 whip of electrocution and quivering curare-tipped darts (heavily wounded, 68% to hit)
You shoot a stone. The kobold shouts!
The kobold shouts!
The stone hits the kobold brigand.
You feel sick.
A kobold comes into view. It is wielding a +0 dagger.
The kobold brigand throws a curare-tipped dart.
The curare-tipped dart hits you.
You are more poisoned.
You have difficulty breathing.
* * * LOW HITPOINT WARNING * * *
You feel as though you will be slow longer. ๐Ÿ˜จ HP[-8]
You take 8 damage, and now have 13/46 hp.
* * * LOW HITPOINT WARNING * * *
You feel very sick.
You see here a +0 club {mace}. ๐Ÿ˜ฑ HP[-3]
You take 3 damage, and now have 10/46 hp.
It was a potion of attraction.
You feel attractive to monsters.
* * * LOW HITPOINT WARNING * * *
You feel very sick.
The kobold brigand throws a curare-tipped dart.
The curare-tipped dart completely misses you.
The kobold throws a stone.
The stone barely misses you.
The kobold brigand is attracted toward you.
The kobold is attracted toward you. x2 ๐Ÿ˜ฑ HP[-3]
You take 3 damage, and now have 7/46 hp.
It was a potion of ambrosia.
You are confused.
You feel invigorated.
You feel very sick.
The kobold brigand hits you but does no damage.
The kobold brigand hits you with a +2 whip of electrocution.
* * * LOW HITPOINT WARNING * * *
It was a potion of curing.
You feel better.
You feel less invigorated.
The kobold brigand closely misses you. ๐Ÿ˜จ HP[+13]
You regained 13 hp, and now have 20/46 hp.
The kobold brigand throws a curare-tipped dart.
The curare-tipped dart completely misses you.
The kobold brigand is attracted toward you.
The kobold is attracted toward you. x2; Something is attracted toward you.
The kobold is attracted toward you.
a - a +2 dagger (weapon)
{short} The kobold brigand hits you but does no damage.
You are electrocuted!!
You die...

Skill      XL: |  1  2  3  4  5  6  7  8  9 |
---------------+----------------------------+-----
Slings         | 1 3 4 6 8 9 |  9.2
Stealth        | 6 7 8 10 | 10.5
Dodging        | 2 |  2.7
Fighting       | 2 3 4 |  4.9
Short Blades   | 3 4 6 |  6.4
Throwing       | |  2.5

Action                   |  1- 3 |  4- 6 |  7- 9 || total
-------------------------+-------+-------+-------++-------
Melee: Dagger            |   125 |   187 |   133 ||   445
       Punch             |       |     3 |     2 ||     5
       Unarmed           |       |       |     8 ||     8
 Fire: Hunting sling     |       |    53 |   128 ||   181
Throw: Dart              |     3 |    17 |     6 ||    26
  Use: Potion            |       |       |     5 ||     5
       Scroll            |       |       |     1 ||     1
 Stab: Sleeping          |    10 |    24 |    14 ||    48
       Distracted        |       |     1 |       ||     1
Armor: Robe              |     9 |    23 |     2 ||    34
       Steam dragon scal |       |       |    21 ||    21
       Skin              |       |       |     4 ||     4
Dodge: Dodged            |    89 |   120 |   141 ||   350

Levels and vault maps discovered:
D:1:      shiori_shiawase, layout_basic
D:2:      layout_basic, basic_altar, shapermc_ecumenical_altar_rom_forum,
          serial_park_tiny_1
D:3:      minmay_spotlight, layout_loops_cross
D:4:      layout_basic
D:5:      layout_loops_ring, vehumet_crystals
D:6:      cheibrodos_barr_body, layout_rooms, nicolae_overflow_squiral,
          minmay_temple_entry_junction, serial_co_window_serial,
          co_window_paths_b, co_window_corner_a, co_window_corner_a,
          co_window_of_opportunity_a, co_window_of_opportunity_a,
          co_window_broadway_b, co_window_2corner, co_window_broadway_c,
          co_window_unsneaky_path_d, co_window_4corner_b, glass_columns_b,
          glass_columns_b, glass_columns_a, glass_columns_a,
          kennysheep_another_room, uniq_menkaure, uniq_eustachio
D:7:      layout_basic, nicolae_wu_jian_wuxing_cycle,
          mainiacjoe_overflow_alcove_4, lemuel_coloured_pillars_altar
D:8:      layout_loops_ring, nicolae_hepliaklqana_hazy_memory,
          ebering_ghost_inner_flame, special_room [special_room_orc],
          kennysheep_generic_room_8
Temple:   regret_index_temple_waves

Notes
Turn   | Place    | Note
-------+----------+-------------------------------------------
     0 | D:1      | AmazingTV the Spriggan Brigand began the quest for the Orb.
     0 | D:1      | Reached XP level 1. HP: 10/10 MP: 2/2
     0 | D:1      | magus.rc [v1.9.6]
   451 | D:1      | Reached XP level 2. HP: 15/15 MP: 3/3
   606 | D:1      | Reached skill level 1 in Slings
  1135 | D:2      | Reached skill level 6 in Stealth
  1150 | D:2      | Reached skill level 2 in Dodging
  1204 | D:2      | Reached XP level 3. HP: 18/18 MP: 4/4
  1650 | D:2      | Reached skill level 2 in Fighting
  1687 | D:2      | Found a faded altar of an unknown god.
  1694 | D:2      | Got Plato's Handbook of Enchantment
  1960 | D:2      | Reached XP level 4. HP: 20/23 MP: 5/5
  2009 | D:2      | Found a sacrificial altar of Ru.
  2876 | D:3      | Reached skill level 2 in Slings
  3909 | D:4      | You pick up a book of Weapons and begin reading...
  3909 | D:4      | You add the spells Portal Projectile, Excruciating Wounds
                  | and Blade Hands to your library.
  3963 | D:4      | Noticed a scorpion
  3971 | D:4      | Killed a scorpion
  3972 | D:4      | Reached skill level 3 in Short Blades
  3972 | D:4      | Reached skill level 3 in Slings
  3972 | D:4      | Reached XP level 5. HP: 25/27 MP: 6/6
  4662 | D:5      | Entered Level 5 of the Dungeon
  4778 | D:5      | Found a radiant altar of Vehumet.
  4779 | D:5      | Noticed a water moccasin
  4814 | D:5      | HP: 6/27 [poisoned by a water moccasin]
  5066 | D:5      | Noticed a necrophage
  5068 | D:5      | Killed a necrophage
  5069 | D:5      | Reached skill level 7 in Stealth
  5069 | D:5      | Reached XP level 6. HP: 32/32 MP: 7/7
  5193 | D:5      | Noticed a sky beast
  5817 | D:6      | Reached skill level 4 in Slings
  5917 | D:6      | HP: 6/32 [wyvern zombie (6)]
  6105 | D:5      | Reached skill level 3 in Fighting
  6331 | D:6      | Reached skill level 4 in Short Blades
  6331 | D:6      | Reached XP level 7. HP: 25/36 MP: 8/8
  6333 | D:6      | Reached skill level 5 in Slings
  6530 | D:6      | Reached skill level 8 in Stealth
  6717 | D:6      | You pick up a book of Dangerous Friends and begin
                  | reading...
  6717 | D:6      | You add the spells Summon Guardian Golem, Orb of
                  | Destruction and Spellforged Servitor to your library.
  6719 | D:6      | Gained mutation: You have hidden genetic defects. [potion
                  | of mutation]
  6719 | D:6      | Gained mutation: You are frail. (-10% HP) [potion of
                  | mutation]
  6719 | D:6      | Gained mutation: You passively dampen the noise of your
                  | surroundings. [potion of mutation]
  6719 | D:6      | Gained mutation: Your movements are slightly less
                  | encumbered by armour. (ER -2) [potion of mutation]
  7212 | D:6      | Noticed a hornet
  7217 | D:6      | Reached skill level 6 in Slings
  7218 | D:6      | Killed a hornet
  7219 | D:6      | Reached XP level 8. HP: 37/37 MP: 9/9
  7222 | D:6      | Gained mutation: You do not regenerate when monsters are
                  | visible. [hidden defects]
  7241 | D:6      | Reached skill level 5 in Short Blades
  7241 | D:6      | Reached skill level 9 in Stealth
  7290 | D:6      | Reached skill level 4 in Fighting
  7290 | D:6      | Reached skill level 7 in Slings
  7293 | D:6      | Gained mutation: You tend to lose your temper in combat.
                  | [hidden defects]
  7293 | D:6      | Lost mutation: You have hidden genetic defects. [hidden
                  | defects expressed]
  7441 | D:6      | Noticed Eustachio
  7499 | D:6      | Noticed Menkaure
  7501 | D:6      | Killed Menkaure
  7991 | D:6      | Killed Eustachio
  7992 | D:6      | Reached skill level 8 in Slings
  8237 | D:6      | Found a bloodstained altar of Trog.
  8239 | D:6      | Found a broken altar of Ashenzari.
  8243 | D:6      | Became a worshipper of Trog the Wrathful
  8262 | D:6      | You add the spells Conjure Flame, Ignite Poison and Sticky
                  | Flame to your library.
  8298 | D:6      | Lost mutation: Your movements are slightly less encumbered
                  | by armour. (ER -2) [potion of mutation]
  8298 | D:6      | Lost mutation: You tend to lose your temper in combat.
                  | [potion of mutation]
  8298 | D:6      | Lost mutation: You passively dampen the noise of your
                  | surroundings. [potion of mutation]
  8298 | D:6      | Lost mutation: You are frail. (-10% HP) [potion of
                  | mutation]
  8298 | D:6      | Gained mutation: Your spells are a little harder to cast,
                  | but a little more powerful. [potion of mutation]
  8298 | D:6      | Gained mutation: Your muscles are strong. (Str +2) [potion
                  | of mutation]
  8298 | D:6      | Gained mutation: Your movements are slightly less
                  | encumbered by armour. (ER -2) [potion of mutation]
  8355 | D:6      | Identified the +1 robe of Resourcefulness {Fly rElec
                  | Archmagi}
  8359 | D:6      | Found a staircase to the Ecumenical Temple.
  8379 | Temple   | Entered the Ecumenical Temple
  8769 | D:7      | Found an ornate altar of the Wu Jian Council.
  9471 | D:7      | You pick up a book of Pain {forbidden} and begin reading...
  9471 | D:7      | You add the spells Pain and Agony to your library.
  9519 | D:7      | Reached skill level 6 in Short Blades
  9519 | D:7      | Reached skill level 10 in Stealth
  9519 | D:7      | Reached XP level 9. HP: 23/46 MP: 10/10
  9965 | D:7      | Reached skill level 9 in Slings
 10207 | D:7      | Found a blossoming altar of Fedhas.
 10268 | D:7      | Found a snail-covered altar of Cheibriados.
 10411 | D:8      | Noticed a boulder beetle
 11065 | D:8      | HP: 10/46 [poisoned by a kobold brigand (curare-tipped
                  | dart)]
 11071 | D:8      | Slain by a kobold brigand

Vanquished Creatures
  A hornet (D:6)
  2 steam dragons
  Eustachio (D:6)
  Menkaure (D:6)
  A black bear (D:8)
  An orc warrior (D:7)
  An ice beast (D:7)
  2 necrophages
  An ogre (D:6)
  2 phantoms (D:7)
  A scorpion (D:4)
  A wyvern zombie (D:6)
  A wyvern skeleton (D:6)
  A water moccasin skeleton (D:6)
  3 wights (D:6)
  2 howler monkeys
  2 electric eels (D:6)
  2 bullfrog zombies
  A centaur zombie (D:6)
  A hound (D:6)
  4 gnoll shamans
  A jelly (D:5)
  A bullfrog skeleton (D:6)
  An orc wizard (D:7)
  A killer bee zombie (D:5)
  13 gnolls
  8 adders
  A white imp (D:6)
  An ufetubus (D:7)
  4 worms
  A dart slug (D:2)
  6 orcs
  8 ball pythons
  12 endoplasms
  4 giant cockroaches
  A goblin (D:4)
  6 hobgoblins
  3 jackals (D:3)
  6 kobolds
  5 quokkas
  8 bats
  A frilled lizard (D:2)
  6 rats
130 creatures vanquished.

Vanquished Creatures (others)
  4 fungi (D:2)
  4 plants (D:2)
8 creatures vanquished.

Grand Total: 138 creatures vanquished

Table legend:
 A = Non-vault XP
 B = Vault XP
 C = Vault XP percentage of total XP
 D = Non-vault monster count
 E = Vault monster count
 F = Vault count percentage of total count
                 A         B        C        D         E       F
            +---------+---------+-------+---------+---------+-------
      Total |    2322 |    1336 |  36.5 |     114 |      16 |  12.3
            +---------+---------+-------+---------+---------+-------
        D:1 |      18 |       0 |   0.0 |      10 |       0 |   0.0
        D:2 |     106 |       0 |   0.0 |      26 |       0 |   0.0
        D:3 |      44 |      11 |  20.0 |      21 |       5 |  19.2
        D:4 |     121 |       0 |   0.0 |      14 |       0 |   0.0
        D:5 |     212 |       0 |   0.0 |       4 |       0 |   0.0
        D:6 |     676 |    1325 |  66.2 |      17 |      11 |  39.3
        D:7 |     926 |       0 |   0.0 |      17 |       0 |   0.0
        D:8 |     219 |       0 |   0.0 |       5 |       0 |   0.0
            +---------+---------+-------+---------+---------+-------

Illustrated notes

Table legend:
 A = Kills in this place as a percentage of kills in entire the game.
 B = Kills by you in this place as a percentage of kills by you in the entire game.
 C = Kills by friends in this place as a percentage of kills by friends in the entire game.
 D = Other kills in this place as a percentage of other kills in the entire game.
 E = Experience gained in this place as a percentage of experience gained in the entire game.
 F = Experience gained in this place divided by the number of levels of this place that you have seen.
                   A       B       C       D       E      F
               +-------+-------+-------+-------+-------+----------------------
         Total | 100.0 | 100.0 |   N/A |   N/A | 100.0 | 406.4
       Dungeon | 100.0 | 100.0 |   N/A |   N/A | 100.0 | 457.2
               +-------+-------+-------+-------+-------+----------------------

Table legend: (Time is in decaauts)
 A = Elapsed time spent in this place.
 B = Non-inter-level travel time spent in this place.
 C = Inter-level travel time spent in this place.
 D = Time resting spent in this place.
 E = Time spent auto-exploring this place.
 F = Levels seen in this place.
 G = Mean time per level.
                   A        B        C        D        E       F      G
               +--------+--------+--------+--------+--------+-----+--------+
         Total |   8259 |   7920 |    339 |   2234 |   4122 |   9 |  917.7 |
       Dungeon |   8173 |   7876 |    297 |   2234 |   4087 |   8 | 1021.6 |
        Temple |     86 |     45 |     41 |      0 |     34 |   1 |   86.0 |
               +--------+--------+--------+--------+--------+-----+--------+

Top non-repeatable levels by time:
     D:6: 2223 daAuts
     D:7: 1415 daAuts
     D:1: 938 daAuts
     D:2: 934 daAuts
     D:4: 907 daAuts
     D:5: 874 daAuts
     D:3: 700 daAuts
     D:8: 179 daAuts
  Temple: 86 daAuts
